 Dungeon Crawl Stone Soup version 0.23.0 (webtiles) character file.

Game seed: 10599057890964727696

1873 McIvan the Cleaver (level 9, -2/82 HPs)
             Began as a Hill Orc Monk on Feb 13, 2019.
             Was a Believer of Beogh.
             Succumbed to a worker ant's poison
             ... on level 7 of the Dungeon on Feb 14, 2019.
             The game lasted 00:45:38 (7865 turns).

McIvan the Cleaver (Hill Orc Monk)                  Turns: 7865, Time: 00:45:39

Health: -2/82      AC: 16    Str: 17    XL:     9   Next: 14%
Magic:  9/9        EV:  8    Int: 15    God:    Beogh [**....]
Gold:   270        SH:  0    Dex: 13    Spells: 8/8 levels left

rFire    . . .     SeeInvis .   l - +1 hand axe
rCold    . . .     Gourm    .   (no shield)
rNeg     . . .     Faith    .   a - +0 plate armour
rPois    .         Spirit   .   (no helmet)
rElec    .         Reflect  .   (no cloak)
rCorr    .         Harm     .   f - +2 pair of gloves
MR       .....                  (no boots)
Stlth    ..........             (no amulet)
HPRegen  0.23/turn              j - +2 ring of evasion
MPRegen  0.11/turn              k - ring of flight

@: brilliant, lethally poisoned (-2 -> -42), flying, very slightly contaminated
A: no striking features
a: Smiting, Renounce Religion


You were on level 7 of the Dungeon.
You worshipped Beogh.
Beogh was pleased with you.
You were not hungry.

You visited 2 branches of the dungeon, and saw 8 of its levels.

You collected 270 gold pieces.

Inventory:

Hand Weapons
 b - a +0 mace of protection
 l - a +1 hand axe (weapon)
 s - a +1 dagger of holy wrath
Missiles
 q - 7 tomahawks (quivered)
Armour
 a - a +0 plate armour (worn)
 f - a +2 pair of gloves (worn)
Jewellery
 j - a +2 ring of evasion (left hand)
 k - a ring of flight (right hand)
Wands
 h - a wand of disintegration (6)
 r - a wand of random effects (12)
Scrolls
 d - 2 scrolls of remove curse
 g - 4 scrolls of identify
 n - a scroll of fog
 t - a scroll of magic mapping
Potions
 i - a potion of agility
 p - a potion of might
 v - a potion of flight
Comestibles
 c - 9 rations


   Skills:
 * Level 8.8 Fighting
 * Level 9.6 Axes
 * Level 7.1 Armour
 - Level 2.4 Dodging
 - Level 1.5 Stealth


You had 8 spell levels left.
You didn't know any spells.
Your spell library contained the following spells:

 Spells                   Type           Power        Failure   Level  Hunger
 Corona                   Hex            #......      61%         1    ##.....
 Freeze                   Ice            #...         61%         1    ##.....
 Slow                     Hex            #.......     73%         2    ###....
 Throw Frost              Conj/Ice       #.....       73%         2    ###....
 Inner Flame              Hex/Fire       #.......     89%         3    ####...
 Ozocubu's Armour         Chrm/Ice       #.......     89%         3    ####...
 Portal Projectile        Hex/Tloc       #.....       89%         3    ####...
 Cause Fear               Hex            #.........   99%         4    #####..
 Leda's Liquefaction      Hex/Erth       #.........   99%         4    #####..
 Summon Ice Beast         Ice/Summ       #.......     99%         4    #####..
 Throw Icicle             Conj/Ice       #.......     99%         4    #####..


Dungeon Overview and Level Annotations

Branches:
Dungeon (7/15)             Temple (1/1) D:6

Altars:
Ashenzari
Cheibriados
Dithmenos
Elyvilon
Fedhas
Gozag
Hepliaklqana
Kikubaaqudgha
Makhleb
Nemelex Xobeh
Okawaru
Qazlal
Ru
Sif Muna
Trog
Uskayaw
Vehumet
Wu Jian
Xom
Yredelemnul
Zin
The Shining One


Message History

* * * LOW HITPOINT WARNING * * *
You are more poisoned.
The gnoll hits you but does no damage.
The crimson imp blinks!
The worker ant bites you.
* * * LOW HITPOINT WARNING * * *
You are more poisoned.
The worker ant poisons you!
Blink to where?
Press: ? - help, Dir - move target cursor You are very lightly contaminated with residual magic.
As you read the scroll of blinking, it crumbles to dust.
* * * LOW HITPOINT WARNING * * *
You feel very sick.
* * * LOW HITPOINT WARNING * * *
You feel very sick.
* * * LOW HITPOINT WARNING * * *
You feel very sick.
* * * LOW HITPOINT WARNING * * *
You feel very sick.
You die...

########### ###
#.g...@...# ##.##
#.#######.# ##.#.##
## #.# #.
##.###.####. ##g# #a
#.## ##o.... g.# #.
##.###.###.. #)# #.#
##.#.## ##. #a#
#.#####.#### ##
#.#######.....o....#
#...a>.....####.##.#


You could see a gnoll.

Vanquished Creatures
  An orc warrior (D:7)
  2 sky beasts
  An ogre (D:5)
  A centaur (D:6)
  Blork the orc (D:5)
  3 bullfrogs
  3 scorpions
  A howler monkey (D:5)
  A crimson imp (D:7)
  A hound (D:7)
  A bullfrog skeleton (D:7)
  A centaur skeleton (D:7)
  4 jellies
  A gnoll shaman (D:6)
  13 orc wizards
  3 worker ants
  8 gnolls
  6 adders
  3 shadow imps
  2 adder skeletons
  3 worms
  3 dart slugs
  6 leopard geckos
  18 orcs
  5 bats
  6 giant cockroaches
  4 goblins
  8 hobgoblins
  8 jackals
  4 quokkas
  4 ball pythons
  5 frilled lizards
  6 kobolds (D:1)
  A quokka skeleton (D:5)
  10 rats
148 creatures vanquished.

Vanquished Creatures (others)
  An orc priest (D:7)
  3 jackals (D:7)
4 creatures vanquished.

Grand Total: 152 creatures vanquished

Notes
Turn   | Place    | Note
-------+----------+-------------------------------------------
     0 | D:1      | McIvan the Hill Orc Monk began the quest for the Orb.
     0 | D:1      | Reached XP level 1. HP: 19/19 MP: 1/1
   157 | D:1      | Reached XP level 2. HP: 19/27 MP: 2/2
   247 | D:1      | Found an iron altar of Okawaru.
   389 | D:1      | Reached skill level 1 in Armour
   569 | D:1      | Reached XP level 3. HP: 31/33 MP: 3/3
  1149 | D:2      | Found a sacrificial altar of Ru.
  1275 | D:2      | Found a sparkling altar of Nemelex Xobeh.
  1331 | D:2      | Reached skill level 5 in Axes
  1331 | D:2      | Reached XP level 4. HP: 41/41 MP: 4/4
  1570 | D:2      | Found an ancient bone altar of Kikubaaqudgha.
  1570 | D:2      | Found a radiant altar of Vehumet.
  1570 | D:2      | Found an iron altar of Okawaru.
  2084 | D:3      | Reached XP level 5. HP: 46/47 MP: 5/5
  2143 | D:2      | Reached skill level 5 in Fighting
  2778 | D:3      | Reached XP level 6. HP: 46/56 MP: 6/6
  2943 | D:3      | Reached skill level 6 in Axes
  3621 | D:4      | Found a snail-covered altar of Cheibriados.
  3974 | D:5      | Entered Level 5 of the Dungeon
  4187 | D:5      | Reached XP level 7. HP: 19/63 MP: 7/7
  4441 | D:5      | Reached skill level 7 in Axes
  4686 | D:5      | Noticed Blork the orc
  4721 | D:5      | Killed Blork the orc
  4721 | D:5      | Reached skill level 5 in Armour
  5172 | D:6      | Reached skill level 8 in Axes
  5172 | D:6      | Reached XP level 8. HP: 61/73 MP: 8/8
  5237 | D:6      | Found a stormy altar of Qazlal.
  5239 | D:6      | Noticed an air elemental
  5240 | D:6      | Noticed a water elemental
  5256 | D:6      | Found a blossoming altar of Fedhas.
  6441 | D:6      | Found a staircase to the Ecumenical Temple.
  6456 | Temple   | Entered the Ecumenical Temple
  7036 | D:7      | Found a shimmering altar of Xom.
  7038 | D:7      | Found a shimmering altar of Xom.
  7046 | D:7      | Found a shimmering altar of Xom.
  7046 | D:7      | Found a shimmering altar of Xom.
  7047 | D:7      | Found a shimmering altar of Xom.
  7097 | D:7      | Became a worshipper of Beogh the Brigand
  7097 | D:7      | Reached * piety under Beogh
  7097 | D:7      | Reached ** piety under Beogh
  7176 | D:7      | Reached skill level 9 in Axes
  7214 | D:7      | Found a shattered altar of Ashenzari.
  7216 | D:7      | Found a burning altar of Makhleb.
  7232 | D:7      | Reached XP level 9. HP: 18/82 MP: 9/9
  7246 | D:7      | Found a white marble altar of Elyvilon.
  7863 | D:7      | HP: 4/82 [poisoned by a worker ant]
  7865 | D:7      | Succumbed to a worker ant's poison

Skill      XL: |  1  2  3  4  5  6  7  8  9 |
---------------+----------------------------+-----
Fighting       | 4 5 6 7 8 |  8.8
Armour         | 1 2 3 4 5 6 7 |  7.1
Axes           | 5 6 8 9 |  9.6
Dodging        | |  2.4
Stealth        | |  1.5

Action                   |  1- 3 |  4- 6 |  7- 9 || total
-------------------------+-------+-------+-------++-------
Melee: Hand axe          |   114 |   241 |   473 ||   828
Throw: Stone             |    11 |       |       ||    11
       Tomahawk          |       |    11 |    15 ||    26
Invok: Convert to Beogh  |       |       |     1 ||     1
Evoke: Wand              |       |     2 |     5 ||     7
  Use: Potion            |       |     3 |     5 ||     8
       Scroll            |       |     7 |     7 ||    14
  Eat: Chunk             |     1 |     9 |     6 ||    16
       Ration            |       |       |     2 ||     2
Armor: Robe              |     3 |       |       ||     3
       Chain mail        |    59 |   126 |       ||   185
       Plate armour      |       |    86 |   318 ||   404
Dodge: Dodged            |    51 |    90 |   168 ||   309
